 Dungeon Crawl Stone Soup version 0.30-a0-924-g0ad0bf95bc (webtiles) character file.

Game seed: 12378802967216514333

81 Pimp the Cudgeller (level 4, -1/32 HPs)
             Began as a Gnoll Wanderer on Mar 22, 2023.
             Slain by Crazy Yiuf
             ... wielding a +4 quarterstaff of chaos
              (12 damage)
             ... on level 2 of the Dungeon.
             The game lasted 00:04:40 (1840 turns).

Pimp the Cudgeller (Gnoll Wanderer)                 Turns: 1840, Time: 00:04:41

Health: -1/32      AC:  4    Str: 12    XL:     4   Next: 40%
Magic:  8/8        EV: 11    Int: 13    God:
Gold:   122        SH:  4    Dex: 11    Spells: 9/9 levels left

rFire   . . .      SeeInvis .    a - +2 mace
rCold   . . .      Faith    .    b - +0 buckler
rNeg    . . .      Spirit   .    m - +0 leather armour
rPois   .          Reflect  .    (no helmet)
rElec   .          Rampage  .    (no cloak)
rCorr   .                        i - +0 pair of gloves
Will    .....                    (no boots)
Stlth   +                        (no amulet)
HPRegen 0.25/turn                (no ring)
MPRegen 0.11/turn                (no ring)

@: weak-willed, slowed, very slow
A: fangs 1, strong nose, distributed training
a: no special abilities


You were on level 2 of the Dungeon.
You visited 1 branch of the dungeon, and saw 2 of its levels.

You collected 122 gold pieces.

Inventory:

Hand Weapons
 a - a +2 mace (weapon)
 j - a +2 dagger of venom
Armour
 b - a +0 buckler (worn)
 d - a +0 robe
 i - a +0 pair of gloves (worn)
 m - a +0 leather armour (worn)
Scrolls
 c - 3 scrolls of fog
 k - a scroll of teleportation
 s - 2 scrolls of vulnerability
Potions
 e - a potion of flight
 f - a potion of invisibility
 g - a potion of ambrosia {unknown}
 h - a potion of curing {unknown}
 l - a potion of heal wounds {unknown}


   Skills:
 + Level 1.2 Fighting
 + Level 1.2 Short Blades
 + Level 1.2 Long Blades
 + Level 1.2 Axes
 + Level 6.6 Maces & Flails
 + Level 1.2 Polearms
 + Level 1.2 Staves
 + Level 1.2 Ranged Weapons
 + Level 2.8 Throwing
 + Level 2.8 Armour
 + Level 1.2 Dodging
 + Level 1.2 Stealth
 + Level 2.8 Shields
 + Level 1.2 Unarmed Combat
 + Level 3.0 Spellcasting
 + Level 1.0 Conjurations
 + Level 1.0 Hexes
 + Level 1.0 Summonings
 + Level 2.2 Necromancy
 + Level 1.0 Translocations
 + Level 1.0 Transmutations
 + Level 1.0 Fire Magic
 + Level 1.0 Ice Magic
 + Level 1.0 Air Magic
 + Level 1.0 Earth Magic
 + Level 1.0 Poison Magic
 + Level 1.3 Invocations
 + Level 4.6 Evocations


You had 9 spell levels left.
You didn't know any spells.
Your spell library contained the following spells:

 Spells                   Type           Power      Damage    Failure   Level
 Sublimation of Blood     Necr           7%         N/A       22%         2
 Cigotuvi's Dreadful Rot  Necr/Pois/Air  10%        N/A       32%         2
 Blink                    Tloc           8%         N/A       36%         2
 Manifold Assault         Tloc           4%         N/A       94%         4
 Storm Form               Tmut/Air       2%         N/A       100%        7


Dungeon Overview and Level Annotations

Branches:
Dungeon (2/15)

Altars:

Annotations:
D:2 Crazy Yiuf


Innate Abilities, Weirdness & Mutations

You have very sharp teeth.
Your uncanny sense of smell can sniff out nearby items.
Your experience applies equally to all skills.


Message History

You see here a +0 hammer.
You hit the fungus.
The fungus begins to die.
The fungus is lightly damaged.
You swap places.
A nearby fungus withers and dies.
Something hits your frilled lizard! Something freezes your frilled lizard.
Your frilled lizard dies!
Your frilled lizard's corpse dissolves into shadows!
Your rat bites Crazy Yiuf.
Your rat bites Crazy Yiuf but does no damage.
As you read the scroll labelled CEMUCI ATYELOU, it crumbles to dust.
You feel aware of your surroundings.
It was a scroll of magic mapping.
Your rat bites Crazy Yiuf but does no damage.
As you read the scroll labelled SISTRE OXYSE, it crumbles to dust.
Magic quickly surges around you.
It was a scroll of vulnerability.
Crazy Yiuf cries, "You leg down broken song, no?"
You sock Crazy Yiuf! You bite Crazy Yiuf, but do no damage.
Crazy Yiuf is severely wounded.
Crazy Yiuf barely misses you.
You hit Crazy Yiuf but do no damage.
Crazy Yiuf is severely wounded.
Your rat bites Crazy Yiuf but does no damage.
Crazy Yiuf yells, "Hah sow Orb Guardian!"
Crazy Yiuf barely misses your rat.
You hit Crazy Yiuf. Your bite misses Crazy Yiuf.
Crazy Yiuf is severely wounded.
Your rat closely misses Crazy Yiuf.
Crazy Yiuf laughs, "Adder arga fast!"
Crazy Yiuf hits you with a +4 quarterstaff of chaos.
Crazy Yiuf freezes you.
You barely miss Crazy Yiuf. Your bite misses Crazy Yiuf.
Crazy Yiuf is severely wounded.
Your rat bites Crazy Yiuf but does no damage.
Crazy Yiuf screams, "Mugger chair arga!"
Crazy Yiuf hits you with a +4 quarterstaff of chaos!
You feel yourself slow down.
You closely miss Crazy Yiuf. You bite Crazy Yiuf, but do no damage.
Crazy Yiuf is severely wounded.
Crazy Yiuf hits you with a +4 quarterstaff of chaos!
You die...

..#.......#
#ยง## #.....#
..#.###...#
##.# #..##.#
....# #...#
##)## #..##.#
##### #.###*
##...# #..##.#
#..,,* #....#
##.##.# ****
###,,* #'..'#
*..##.# ,,,*
*,**
#.r..#######.#
,*,* *,*
#.g.##.#.....#
,*,* *,*
##@.##.#.##..#
**,* *,*
##....).....#
,*,* *,*
###..#.###.#
,,,* *<*
#..#.#,..#
**** ***
#....#*.##
#.....,.*
########*


You could see Crazy Yiuf (weak-willed, ally target) and a friendly rat
(summoned, weak-willed).

Vanquished Creatures
  An adder (D:2)
  2 worms
  2 dart slugs
  A ball python (D:2)
  7 endoplasms
  5 giant cockroaches (D:1)
  7 goblins
  3 hobgoblins
  13 jackals
  A quokka (D:2)
  A bat (D:2)
  2 kobolds (D:1)
  8 rats
53 creatures vanquished.

Vanquished Creatures (others)
  4 fungi (D:2)
4 creatures vanquished.

Grand Total: 57 creatures vanquished

Notes
Turn   | Place    | Note
-------+----------+-------------------------------------------
     0 | D:1      | Pimp the Gnoll Wanderer began the quest for the Orb.
     0 | D:1      | Pimp set off with the following items: a +2 mace, a +0
                  | buckler, a scroll of fog, a +0 robe; and the following
                  | spells available to memorise: Sublimation of Blood,
                  | Cigotuvi's Dreadful Rot.
     0 | D:1      | Reached XP level 1. HP: 13/13 MP: 4/4
     1 | D:1      | Found a runed translucent door.
    21 | D:1      | Reached XP level 2. HP: 16/19 MP: 5/5
   216 | D:1      | Reached XP level 3. HP: 23/25 MP: 7/7
   416 | D:1      | Reached skill level 1 in Invocations
   932 | D:2      | Reached skill level 1 in Fighting
   932 | D:2      | Reached skill level 1 in Short Blades
   932 | D:2      | Reached skill level 1 in Long Blades
   932 | D:2      | Reached skill level 1 in Axes
   932 | D:2      | Reached skill level 1 in Polearms
   932 | D:2      | Reached skill level 1 in Staves
   932 | D:2      | Reached skill level 1 in Ranged Weapons
   932 | D:2      | Reached skill level 1 in Dodging
   932 | D:2      | Reached skill level 1 in Stealth
   932 | D:2      | Reached skill level 1 in Unarmed Combat
  1417 | D:2      | Reached XP level 4. HP: 15/32 MP: 8/8
  1715 | D:2      | Reached skill level 1 in Conjurations
  1715 | D:2      | Reached skill level 1 in Hexes
  1715 | D:2      | Reached skill level 1 in Summonings
  1715 | D:2      | Reached skill level 1 in Translocations
  1715 | D:2      | Reached skill level 1 in Transmutations
  1715 | D:2      | Reached skill level 1 in Fire Magic
  1715 | D:2      | Reached skill level 1 in Ice Magic
  1715 | D:2      | Reached skill level 1 in Air Magic
  1715 | D:2      | Reached skill level 1 in Earth Magic
  1715 | D:2      | Reached skill level 1 in Poison Magic
  1813 | D:2      | Found a runed translucent door.
  1814 | D:2      | Noticed Crazy Yiuf
  1840 | D:2      | Slain by Crazy Yiuf

Illustrated notes

Levels and vault maps discovered:
D:1:      dpeg_arrival_caged_fury, layout_loops_ring
D:2:      layout_basic, uniq_crazy_yiuf_cottage

Skill      XL: |  1  2  3  4 |
---------------+-------------+-----
Necromancy     | 2 |  2.2
Invocations    | 1 |  1.3
Fighting       | 1 |  1.2
Short Blades   | 1 |  1.2
Long Blades    | 1 |  1.2
Axes           | 1 |  1.2
Polearms       | 1 |  1.2
Staves         | 1 |  1.2
Ranged Weapons | 1 |  1.2
Dodging        | 1 |  1.2
Stealth        | 1 |  1.2
Unarmed Combat | 1 |  1.2
Spellcasting   | 3 |  3.0
Conjurations   | 1 |  1.0
Hexes          | 1 |  1.0
Summonings     | 1 |  1.0
Translocations | 1 |  1.0
Transmutations | 1 |  1.0
Fire Magic     | 1 |  1.0
Ice Magic      | 1 |  1.0
Air Magic      | 1 |  1.0
Earth Magic    | 1 |  1.0
Poison Magic   | 1 |  1.0
Maces & Flails | |  6.6
Throwing       | |  2.8
Armour         | |  2.8
Shields        | |  2.8
Evocations     | |  4.6

Action                     |  1- 3 |  4- 6 || total
---------------------------+-------+-------++-------
  Melee: Mace              |   116 |    54 ||   170
         Bite              |    10 |     5 ||    15
    Use: Scroll            |     5 |     6 ||    11
   Stab: Sleeping          |     1 |     1 ||     2
 Armour: Robe              |    14 |       ||    14
         Leather armour    |     8 |    20 ||    28
  Dodge: Dodged            |    53 |    28 ||    81
  Block: Buckler           |    26 |     9 ||    35

Table legend: (Time is in decaauts)
 A = Elapsed time spent in this place.
 B = Non-inter-level travel time spent in this place.
 C = Inter-level travel time spent in this place.
 D = Time resting spent in this place.
 E = Time spent auto-exploring this place.
 F = Levels seen in this place.
 G = Mean time per level.
                   A        B        C        D        E       F      G
               +--------+--------+--------+--------+--------+-----+--------+
         Total |   1860 |   1819 |     41 |    409 |    943 |   2 |  930.0 |
       Dungeon |   1860 |   1819 |     41 |    409 |    943 |   2 |  930.0 |
               +--------+--------+--------+--------+--------+-----+--------+

Top non-repeatable levels by time:
     D:1: 1232 daAuts
     D:2: 628 daAuts
